 Dungeon Crawl Stone Soup version 0.17-a0-1945-gfe993df (webtiles) character file.

3 ololoev the Skirmisher (level 1, 14/16 HPs)
             Began as a High Elf Fighter on Sept 30, 2015.
             Was a Follower of Yredelemnul.
             Quit the game on level 2 of the Dungeon.
             The game lasted 00:00:48 (132 turns).

ololoev the Skirmisher (High Elf Fighter)            Turns: 132, Time: 00:00:49

Health: 14/16      AC:  6    Str: 15    XL:     1   Next: 41%
Magic:  2/2        EV:  6    Int: 11    God:    Yredelemnul [*.....]
Gold:   7          SH:  8    Dex: 14    Spells: 0 memorised, 0 levels left

rFire  . . .     SeeInvis .     a - +0 long sword
rCold  . . .     Clarity  .     b - +0 scale mail
rNeg   . . .     SustAt   .     c - +0 shield
rPois  .         Gourm    .     (no helmet)
rElec  .         Spirit   .     (no cloak)
rCorr  .         Warding  .     (no gloves)
rMut   .         Stasis   .     (no boots)
MR     .....                    (no amulet)
Stlth  ..........               (no ring)
                                (no ring)

@: not resistant to hostile enchantments, extremely unstealthy
A: no striking features
a: Animate Remains, Renounce Religion

Inventory:

Hand weapons
 a - a +0 long sword (weapon)
Armour
 b - a +0 scale mail (worn)
 c - a +0 shield (worn)
Scrolls
 f - a scroll of teleportation {unknown}
 g - a scroll of enchant weapon {unknown}
 i - a scroll of magic mapping {unknown}
Potions
 d - a potion of might
 h - a potion of heal wounds {unknown}
Comestibles
 e - a bread ration


   Skills:
 + Level 3.0 Fighting
 * Level 2.8 Long Blades
 + Level 2.6 Armour
 - Level 2.6 Shields


You couldn't memorise any spells.
You didn't know any spells.


You were on level 2 of the Dungeon.
You worshipped Yredelemnul.
Yredelemnul was aware of your devotion.
You were not hungry.

You visited 1 branch of the dungeon, and saw 2 of its levels.

You collected 7 gold pieces.

<... #...###
#...[.#
<##...#.#######
..............# ##
#....8....# ...
#...8.8...#.# ##.#
#..8.@.8.....
.....#...8.8...#.#
.....#....8....#
...............#
##..##.†###......#
# #..## #.###.#
#...# .# . #.#.#
.# #.#.# ..

Notes
Turn   | Place    | Note
--------------------------------------------------------------
     0 | D:1      | ololoev the High Elf Fighter began the quest for the Orb.
     0 | D:1      | Reached XP level 1. HP: 16/16 MP: 2/2
   116 | D:2      | Found a faded altar to an unknown god.
   132 | D:2      | Became a worshipper of Yredelemnul the Dark
   132 | D:2      | Acquired Yredelemnul's first power
   132 | D:2      | Quit the game

Dungeon Overview and Level Annotations

Branches:
Dungeon (2/15)

Altars:
Yredelemnul


Message History

f - a scroll labeled FIUFIU LEBO
Found a robe.
You now have 7 gold pieces.
You see here a robe.
Found a runed hand axe.
Found a scroll labeled PETHAU HYAJ.
g - a scroll labeled PETHAU HYAJ
Found a fizzy brown potion.
h - a fizzy brown potion
Found 3 needles of frenzy.
Found a scroll labeled VUCWER HIECUEL.
i - a scroll labeled VUCWER HIECUEL A giant cockroach comes into view.
Found a faded altar to an unknown god.
You closely miss the giant cockroach. You block the giant cockroach's attack.
The giant cockroach bites you but does no damage.
You closely miss the giant cockroach. You block the giant cockroach's attack.
You hit the giant cockroach but do no damage.
The giant cockroach bites you but does no damage. x2
Your scale mail prevents you from hitting the giant cockroach.
The giant cockroach bites you but does no damage.
You barely miss the giant cockroach. The giant cockroach bites you.
You block the giant cockroach's attack.
You hit the giant cockroach but do no damage.
The giant cockroach bites you but does no damage.
You block the giant cockroach's attack.
You slash the giant cockroach!
You kill the giant cockroach!
You see here a giant cockroach corpse.
Found a ring mail.
Found a stone staircase leading up.
Found a stone staircase leading up.
There is a faded altar to an unknown god here.
This altar will convert you to a god.
You cannot discern which.
Do you pray?
Okay, then.
Unknown command.
This altar will convert you to a god.
You cannot discern which.
Do you pray? Yredelemnul accepts your prayer! Yredelemnul welcomes you!
You can now animate remains.
Are you sure you want to abandon this character and quit the game? (Confirm with "yes".)

There were no monsters in sight!

Vanquished Creatures
  A bat (D:2)
  A giant cockroach (D:2)
  A rat (D:1)
3 creatures vanquished.

Action                   || total
-------------------------++-------
Melee: Long sword        ||    13

Vault maps used:
D:1:      lightli_arrival_statue_moat
D:2:      ecumenical_altar_2, uniq_iyjb, uniq_crazy_yiuf_cottage
